AoeStats
← Churrasko

Arabia

508978183Analyzed
1v1 RM · 7d ago on Sep 24, 2026· 33m 39s· 2 players
Game mode
Random Map
Map size
Tiny (2 player)
Population
200
Speed
Normal
Resources
Standard
Victory
Conquest
Starting age
Dark Age
Ending age
Imperial Age
RankedLock teamsTeams togetherTeam positionsShared explorationLock speedFull tech treeHidden civsTurbo modeCheats
Victory
Defeat
🇨🇴 Mongols · Colombia
865
+15
🇦🇷 Magyars · Argentina
840
-15
Churrasko
9:00 Loom
11:02 Feudal Age
11:43 Double-Bit Axe
16:56 Horse Collar
20:33 Castle Age
23:26 Bow Saw
22:53 Pikeman
24:33 Heavy Plow
26:58 Scale Barding Armor
28:47 Scale Mail Armor
Paolinsky
3:06 Loom
3:14 Loom
10:22 Feudal Age
11:13 Double-Bit Axe
11:13 Horse Collar
13:18 Wheelbarrow
16:03 Scale Barding Armor
16:49 Bloodlines
18:20 Fletching
20:42 Forging
24:53 Castle Age
23:42 Gold Mining
24:58 Light Cavalry
25:40 Husbandry
25:50 Thumb Ring
25:44 Bodkin Arrow
30:51 Town Watch
31:24 Hand Cart
33:43 Chain Barding Armor
Connection lost

Rejoining the realm…

Still unreachable

The connection could not be restored.

Session expired

The server has moved on; the page needs a fresh start.